 Dungeon Crawl Stone Soup version 0.18.1-48-g4cf74bf (webtiles) character file.

19633 rjaguar3 the Fighter (level 12, -24/115 HPs)
             Began as a Minotaur Berserker on June 26, 2016.
             Was a High Priest of Trog.
             Annihilated by an alligator simulacrum (30 damage)
             ... in an ice cave.
             The game lasted 01:03:08 (12203 turns).

rjaguar3 the Fighter (Minotaur Berserker)          Turns: 12203, Time: 01:03:09

Health: -24/115    AC: 26    Str: 22    XL:     12   Next: 38%
Magic:  11/11      EV:  5    Int:  4    God:    Trog [*****.]
Gold:   565        SH:  0    Dex: 18    Spells: 0 memorised, 11 levels left

rFire  + . .     SeeInvis .     o - +4 spear
rCold  . . .     Gourm    .     A - +3 plate armour {rF+}
rNeg   . . .     Faith    .     (no shield)
rPois  +         Spirit   .     (helmet restricted)
rElec  .         Dismiss  .     y - +0 cloak
rCorr  .         Reflect  .     q - +1 pair of gloves {Dex+3}
SustAt .         Harm     .     (no boots)
MR     ++...                    E - amulet of magic regeneration
Stlth  ..........               w - +4 ring of protection
                                k - ring of poison resistance

@: regenerating, drained, very resistant to hostile enchantments, extremely
unstealthy
A: retaliatory headbutt, horns 2
a: Berserk, Trog's Hand, Brothers in Arms, Burn Spellbooks, Renounce Religion


You were in an ice cave.
You worshipped Trog.
Trog was extremely pleased with you.
You were not hungry.

You visited 3 branches of the dungeon, and saw 14 of its levels.
You also visited: Labyrinth and Ice Cave.

You collected 785 gold pieces.
You spent 220 gold pieces at shops.

Inventory:

Hand Weapons
 o - a +4 spear (weapon)
 K - a +4 greatsling of freezing
Missiles
 C - 39 sling bullets
 L - 10 tomahawks (quivered)
 V - 5 javelins
Armour
 q - a +1 pair of gloves of dexterity (worn)
 y - a +0 cloak (worn)
 A - a +3 plate armour of fire resistance (worn)
 H - a +0 buckler
Jewellery
 k - a ring of poison resistance (left hand)
 u - a +2 ring of slaying
 w - a +4 ring of protection (right hand)
 E - an amulet of magic regeneration (around neck)
Wands
 d - a wand of paralysis (23/24)
 G - a wand of lightning (7/15)
 J - a wand of acid (13/15)
 S - a wand of iceblast (9/15)
 U - a wand of disintegration (10/24)
Scrolls
 i - 3 scrolls of noise {unknown}
 n - a scroll of remove curse
 p - 8 scrolls of teleportation
 z - a scroll of enchant weapon {unknown}
 F - 4 scrolls of fog {unknown}
 N - a scroll of brand weapon {unknown}
Potions
 a - 3 potions of agility
 l - 2 potions of flight
 t - 4 potions of curing
 x - 3 potions of ambrosia
 I - 2 potions of cancellation
Books
 e - a book of Minor Magic

   Spells                             Type                      Level
   a - Magic Dart                     Conjuration                  1
   b - Blink                          Translocation                2
   c - Call Imp                       Summoning                    2
   d - Repel Missiles                 Charms/Air                   2
   e - Slow                           Hexes                        2
   f - Conjure Flame                  Conjuration/Fire             3
   g - Mephitic Cloud                 Conjuration/Poison/Air       3
   Trog disapproves of the use of such an item.
 h - a book of Power

   Spells                             Type                      Level
   a - Fulminant Prism                Conjuration/Hexes            4
   b - Iskenderun's Mystic Blast      Conjuration                  4
   c - Venom Bolt                     Conjuration/Poison           5
   d - Bolt of Magma                  Conjuration/Fire/Earth       5
   e - Iron Shot                      Conjuration/Earth            6
   f - Orb of Destruction             Conjuration                  7
   g - Spellforged Servitor           Conjuration/Summoning        7
   Trog disapproves of the use of such an item.
 j - a Grand Grimoire

   Spells                             Type                      Level
   a - Monstrous Menagerie            Summoning                    7
   b - Summon Greater Demon           Summoning                    7
   c - Malign Gateway                 Summoning/Translocation      7
   d - Summon Horrible Things         Summoning                    8
   Trog disapproves of the use of such an item.
 M - a book of Necromancy

   Spells                             Type                      Level
   a - Pain                           Necromancy                   1
   b - Animate Skeleton               Necromancy                   1
   c - Vampiric Draining              Necromancy                   3
   d - Regeneration                   Charms/Necromancy            3
   e - Animate Dead                   Necromancy                   4
   f - Control Undead                 Necromancy                   4
   Trog disapproves of the use of such an item.
 P - a book of Cantrips

   Spells                             Type                      Level
   a - Corona                         Hexes                        1
   b - Animate Skeleton               Necromancy                   1
   c - Summon Small Mammal            Summoning                    1
   d - Apportation                    Translocation                1
   Trog disapproves of the use of such an item.
Comestibles
 c - 10 bread rations
 f - 8 fruits
 g - 3 meat rations
 s - 3 royal jellies
 v - 6 beef jerkies
 O - a slice of pizza


   Skills:
 * Level 13.0(12.4) Fighting
   Level 11.5(10.9) Maces & Flails
 + Level 8.8(8.3) Polearms
 + Level 5.7(5.3) Slings
 + Level 0.6(2.8) Throwing
 + Level 12.8(12.2) Armour
 + Level 5.5(5.0) Dodging
 + Level 1.5(1.0) Stealth


You had 11 spell levels left.
You didn't know any spells.

Dungeon Overview and Level Annotations

Branches:
Dungeon (9/15)             Temple (1/1) D:6            Lair (4/8) D:9
  Snake (0/4) Lair:4
  Swamp: Lair:3-6    Shoals: Lair:3-6       Orc: D:9-12

Altars:
Ashenzari
Cheibriados
Dithmenos
Fedhas
Gozag
Kikubaaqudgha
Makhleb
Nemelex Xobeh
Okawaru
Pakellas
Qazlal
Ru
Sif Muna
Trog
Vehumet
Xom
Yredelemnul
Zin
The Shining One

Shops:
D:5 !

Annotations:
D:5 Simboubou's ghost, novice MiBe IceCv Malvoorn's ghost, journeyman DrWz


Innate Abilities, Weirdness & Mutations

You reflexively headbutt those who attack you in melee.
You have a pair of horns on your head.


Message History

You hit Malvoorn's ghost but do no damage.
Malvoorn's ghost is moderately damaged.
The alligator simulacrum bites you. The alligator simulacrum freezes you!!
* * * LOW HITPOINT WARNING * * *
The alligator simulacrum barely misses you.
You feel less exhausted. Malvoorn's ghost completely misses you.
Malvoorn's ghost breathes negative energy at you.
The bolt of negative energy hits the alligator simulacrum.
The alligator simulacrum completely resists.
The bolt of negative energy misses you.
There is an ice covered gate leading back out of this place here.
Malvoorn's ghost gestures wildly while chanting.
Malvoorn's ghost's wounds begin to heal before your eyes!
The alligator simulacrum bites you but does no damage.
The alligator simulacrum tail-slaps you but does no damage.
The alligator simulacrum bites you!
* * * LOW HITPOINT WARNING * * *
The alligator simulacrum freezes you!!
You die...

...##
#...#
##...
#.(.#
##...##
##.....##
#...WZ..#
#...ZZ..#
##..@..##
##...##
#####


You could see Malvoorn's ghost, 2 alligator simulacra and a death yak
simulacrum.

Vanquished Creatures
  A minotaur (Lab)
  Erica (D:9)
  Urug (Lair:1)
  A griffon (Lair:4)
  A black mamba (Lair:2)
  Joseph (D:8)
  5 spiny frogs
  3 komodo dragons
  A wolf spider simulacrum (IceCv)
  Grinder (D:4)
  5 blink frogs (Lair:1)
  9 spriggans (Lair:1)
  A wyvern (D:9)
  26 yaks
  A basilisk (Lair:1)
  4 hippogriffs
  3 nagas (Lair:4)
  7 water moccasins
  A hell hound (D:9)
  8 porcupines
  12 ice beasts
  A necrophage (D:8)
  4 orc warriors
  3 ogres
  A phantom (D:9)
  3 sky beasts
  5 wolves (Lair:1)
  2 centaurs
  4 crocodiles
  7 giant frogs
  A killer bee (Lair:1)
  3 crimson imps
  A wasp zombie (D:8)
  A quasit (D:8)
  2 hounds
  A centaur skeleton (D:8)
  A giant frog zombie (D:5)
  4 orc wizards
  Crazy Yiuf (D:2)
  3 giant frog skeletons
  9 iguanas
  3 orc priests
  11 worker ants
  7 sheep (Lair:2)
  A hound zombie (D:6)
  A hound skeleton (D:4)
  A howler monkey zombie (D:6)
  9 gnolls
  30 river rats
  6 adders
  2 oozes
  An adder zombie (D:5)
  4 worms
  2 adder skeletons
  2 dart slugs (D:1)
  8 giant geckos
  31 orcs
  5 bats
  4 giant cockroaches
  6 goblins
  3 hobgoblins
  10 jackals
  3 kobolds
  9 quokkas
  2 ball pythons
  2 giant newts
  A jackal skeleton (D:8)
  A quokka skeleton (D:8)
  4 rats
319 creatures vanquished.

Vanquished Creatures (others)
  A bush (Lair:3)
  3 fungi (Lair:1)
  A plant (Lair:3)
5 creatures vanquished.

Grand Total: 324 creatures vanquished

Notes
Turn   | Place    | Note
--------------------------------------------------------------
     0 | D:1      | rjaguar3 the Minotaur Berserker began the quest for the Orb.
     0 | D:1      | Reached XP level 1. HP: 19/19 MP: 0/0
   178 | D:1      | Reached skill level 4 in Fighting
   474 | D:1      | Reached XP level 2. HP: 23/27 MP: 1/1
  1140 | D:2      | Reached XP level 3. HP: 27/33 MP: 2/2
  1424 | D:2      | Found a deep blue altar of Sif Muna.
  1769 | D:2      | Reached ** piety under Trog
  1780 | D:2      | Noticed Crazy Yiuf
  1788 | D:2      | Killed Crazy Yiuf
  1788 | D:2      | Reached XP level 4. HP: 41/41 MP: 0/3
  2136 | D:3      | Reached XP level 5. HP: 44/47 MP: 4/4
  2146 | D:3      | Reached skill level 5 in Fighting
  2146 | D:3      | Reached skill level 5 in Maces & Flails
  2153 | D:3      | Reached *** piety under Trog
  2260 | D:3      | Found a glowing silver altar of Zin.
  2406 | D:3      | Found a stormy altar of Qazlal.
  2409 | D:3      | Found a blossoming altar of Fedhas.
  2410 | D:3      | Found a bloodstained altar of Trog.
  2410 | D:3      | Found an ancient bone altar of Kikubaaqudgha.
  2410 | D:3      | Found a sacrificial altar of Ru.
  2411 | D:3      | Found a burning altar of Makhleb.
  2412 | D:3      | Found a shadowy altar of Dithmenos.
  2414 | D:3      | Found a glowing golden altar of the Shining One.
  2458 | D:4      | Noticed an ogre
  2464 | D:4      | Killed an ogre
  2464 | D:4      | Reached XP level 6. HP: 56/56 MP: 5/5
  2655 | D:4      | Found a radiant altar of Vehumet.
  2684 | D:4      | Noticed an orc warrior
  2692 | D:4      | Killed an orc warrior
  2692 | D:4      | Reached XP level 7. HP: 62/62 MP: 6/6
  2724 | D:4      | Reached skill level 6 in Fighting
  2902 | D:4      | Noticed Grinder
  2917 | D:4      | Reached skill level 5 in Armour
  2920 | D:4      | Killed Grinder
  3179 | D:5      | Entered Level 5 of the Dungeon
  3334 | D:5      | Found Tihuveza's Distillery.
  3339 | D:5      | Bought a potion of ambrosia for 80 gold pieces
  3339 | D:5      | Bought a potion of berserk rage for 50 gold pieces
  3339 | D:5      | Bought a potion of degeneration for 10 gold pieces
  3339 | D:5      | Bought a potion of cancellation for 80 gold pieces
  3391 | D:5      | Found a snail-covered altar of Cheibriados.
  3622 | D:5      | Reached skill level 1 in Polearms
  3622 | D:5      | Reached XP level 8. HP: 71/71 MP: 7/7
  3669 | D:5      | Reached skill level 7 in Fighting
  3728 | D:5      | Found a sparkling altar of Nemelex Xobeh.
  3731 | D:5      | Noticed Simboubou's ghost (novice MiBe)
  4034 | D:6      | Got a faintly glowing leather armour
  4045 | D:6      | Identified the cursed +1 leather armour of Omission {Str+3} (You found it on level 6 of the Dungeon)
  4344 | D:6      | Reached **** piety under Trog
  4502 | D:6      | Got a polished rapier
  4600 | D:6      | Found a shimmering altar of Xom.
  4820 | D:6      | Found a staircase to the Ecumenical Temple.
  5169 | D:7      | Reached skill level 8 in Fighting
  5185 | D:7      | Reached XP level 9. HP: 60/81 MP: 8/8
  5532 | Temple   | Entered the Ecumenical Temple
  5635 | D:7      | You fall through a shaft for 2 floors!
  5763 | D:8      | Noticed Joseph
  5775 | D:8      | Killed Joseph
  5775 | D:8      | Reached skill level 9 in Fighting
  6090 | D:8      | Reached skill level 1 in Slings
  6141 | D:8      | Reached skill level 5 in Polearms
  7048 | D:9      | Reached skill level 10 in Fighting
  7048 | D:9      | Reached XP level 10. HP: 93/93 MP: 9/9
  7111 | D:9      | Noticed Erica
  7123 | D:9      | Killed Erica
  7202 | D:9      | Found a staircase to the Lair.
  7317 | Lair:1   | Entered Level 1 of the Lair of Beasts
  7343 | D:9      | Reached skill level 10 in Maces & Flails
  7343 | D:9      | Reached skill level 1 in Stealth
  7729 | Lair:1   | Reached skill level 10 in Armour
  7773 | Lair:1   | Noticed Urug
  7810 | Lair:1   | Killed Urug
  7970 | Lair:1   | Reached skill level 5 in Slings
  8120 | Lair:1   | Reached XP level 11. HP: 101/101 MP: 10/10
  8126 | Lair:1   | Reached ***** piety under Trog
  8349 | Lair:1   | Reached skill level 11 in Fighting
  8812 | Lair:1   | Received a gift from Trog
  8889 | Lair:1   | Reached skill level 5 in Dodging
 10007 | Lair:3   | Found a labyrinth entrance.
 10039 | Lab      | Entered a labyrinth
 10585 | Lab      | Noticed a minotaur
 10591 | Lab      | Killed a minotaur
 10591 | Lab      | Reached skill level 12 in Fighting
 10784 | Lair:3   | Reached XP level 12. HP: 105/112 MP: 11/11
 11896 | Lair:4   | Found a staircase to the Snake Pit.
 12132 | Lair:4   | Received a gift from Trog
 12136 | Lair:4   | Found a frozen archway.
 12170 | Lair:4   | Reached skill level 13 in Fighting
 12188 | IceCv    | Entered an ice cave
 12188 | IceCv    | Noticed Malvoorn's ghost (journeyman DrWz)
 12203 | IceCv    | Annihilated by an alligator simulacrum

Skill      XL: |  1  2  3  4  5  6  7  8  9 10 11 12 |
---------------+-------------------------------------+-----
Fighting       | 4 5 6 8 10 12 13 | 13.0
Maces & Flails | 4 5 6 7 8 9 10 11 | 11.5
Armour         | 3 4 5 7 9 10 12 | 12.8
Dodging        | 3 4 5 |  5.5
Polearms       | 1 3 5 6 8 |  8.8
Slings         | 2 5 |  5.7
Stealth        | 1 |  1.5
Throwing       | |  0.6

Action                   |  1- 3 |  4- 6 |  7- 9 | 10-12 || total
-------------------------+-------+-------+-------+-------++-------
Melee: Mace              |    77 |    87 |       |       ||   164
       Headbutt          |    14 |    19 |    66 |   172 ||   271
       Spear             |       |    10 |   288 |   558 ||   856
 Fire: Hunting sling     |       |       |    32 |    22 ||    54
       Greatsling        |       |       |       |    11 ||    11
Throw: Tomahawk          |       |       |     1 |     4 ||     5
Invok: Berserk           |     1 |     2 |     8 |    13 ||    24
       Trog's Hand       |       |     1 |     2 |     3 ||     6
       Brothers in Arms  |       |       |       |     1 ||     1
  Use: Scroll            |       |    10 |     7 |     4 ||    21
       Potion            |       |       |     2 |       ||     2
  Eat: Chunk             |     3 |     5 |    24 |    24 ||    56
       Bread ration      |       |       |       |     2 ||     2
Armor: Ring mail         |    24 |     8 |       |       ||    32
       Plate armour      |       |    43 |   195 |   329 ||   567
Dodge: Dodged            |    40 |    33 |   109 |   244 ||   426
